 Dungeon Crawl Stone Soup version 0.21.1-1-g345015f (webtiles) character file.

308 diana the Skirmisher (level 6, -8/51 HPs)
             Began as a Demonspawn Monk on June 28, 2018.
             Was a Priest of Cheibriados.
             Splashed by an orc priest's acid (13 damage)
             ... on level 4 of the Dungeon.
             The game lasted 00:08:27 (4112 turns).

diana the Skirmisher (Demonspawn Monk)              Turns: 4112, Time: 00:08:28

Health: -8/51      AC:  2    Str: 20 (21) XL:     6   Next: 16%
Magic:  6/6        EV: 12    Int: 17 (18) God:    Cheibriados [***...]
Gold:   156        SH:  0    Dex: 21 (22) Spells: 5/5 levels left

rFire    . . .     SeeInvis .   a - +0 mace
rCold    + . .     Gourm    .   (no shield)
rNeg     . . .     Faith    .   k - +1 ring mail
rPois    +         Spirit   .   (no helmet)
rElec    .         Reflect  .   (no cloak)
rCorr    .         Harm     .   (no gloves)
MR       .....                  (no boots)
Stlth    ++........             (no amulet)
HPRegen  0.17/turn              j - ring of poison resistance
MPRegen  0.10/turn              (no ring)

@: corroded, very slow
A: claws 2, cold resistance 1
a: Bend Time, Temporal Distortion, Renounce Religion


You were on level 4 of the Dungeon.
You worshipped Cheibriados.
Cheibriados was most pleased with you.
You were hungry.

You visited 1 branch of the dungeon, and saw 4 of its levels.
You also visited: Sewer.

You collected 156 gold pieces.

Inventory:

Hand Weapons
 a - a +0 mace (weapon)
Missiles
 b - a throwing net (quivered)
Armour
 k - a +1 ring mail (worn)
Jewellery
 j - a ring of poison resistance (left claw)
 p - an uncursed amulet of regeneration {unknown}
 t - a cursed amulet of inaccuracy {unknown}
Scrolls
 d - 2 scrolls of enchant armour
 e - 4 scrolls of teleportation
 g - a scroll of fog {unknown}
 h - a scroll of random uselessness {unknown}
 i - a scroll of enchant weapon {unknown}
 l - a scroll of remove curse {unknown}
 n - 2 scrolls of fear {unknown}
 q - a scroll of identify {unknown}
Potions
 f - 2 potions of heal wounds
 m - a potion of magic
 o - 2 potions of flight {unknown}
 r - 2 potions of curing {unknown}
 s - a potion of might
Comestibles
 c - 11 rations


   Skills:
 + Level 5.2 Fighting
 * Level 5.0 Maces & Flails
 - Level 2.6 Dodging
 - Level 1.7 Stealth


You had 5 spell levels left.
You didn't know any spells.

Dungeon Overview and Level Annotations

Branches:
Dungeon (4/15)
 Temple: D:4-7

Altars:
Cheibriados
Okawaru

Annotations:
D:3 2 transporters


Innate Abilities, Weirdness & Mutations

You have very sharp fingernails.
Your flesh is cold resistant. (rC+)


Message History

You are too injured to fight recklessly!
You are too injured to fight recklessly!
You are too injured to fight recklessly!
You are too injured to fight recklessly!
You are too injured to fight recklessly!
You are too injured to fight recklessly!
You are too injured to fight recklessly!
You are too injured to fight recklessly!
You are too injured to fight recklessly!
You are too injured to fight recklessly!
You are too injured to fight recklessly!
You are too injured to fight recklessly!
You are too injured to fight recklessly!
You are too injured to fight recklessly!
You are too injured to fight recklessly!
A hound skeleton comes into view.
The orc priest zaps a wand.
The bolt of acid hits you!
* * * LOW HITPOINT WARNING * * *
You are splashed with acid!
The acid burns!
You die...

#.######.####
#...........#
######.######.##.#
.#...........#.##.#
..........##.#.##.#
.#.#.........#.##.#
#..<...#.#..#.##.#
.#.####.#.####.##.##
.......@...........#
......o.#.####.##.##
..>...........<...#
.....####.#######.#
..... .. .# .... ..
# .... ... ... Z..


You could see an orc priest and a hound skeleton.

Vanquished Creatures
  A big kobold (Sewer)
  Natasha (thrice) (D:3)
  5 adders
  2 river rats (Sewer)
  An ooze (D:2)
  4 worms
  3 dart slugs
  4 leopard geckos
  4 orcs (D:3)
  3 ball pythons
  9 bats
  2 giant cockroaches (D:3)
  7 hobgoblins
  4 jackals
  A quokka (D:3)
  4 frilled lizards
  10 goblins
  6 kobolds
  10 rats
83 creatures vanquished.

Notes
Turn   | Place    | Note
-------+----------+-------------------------------------------
     0 | D:1      | diana the Demonspawn Monk began the quest for the Orb.
     0 | D:1      | Reached XP level 1. HP: 18/18 MP: 1/1
   285 | D:1      | Gained mutation: You have sharp fingernails. [demonic ancestry]
   285 | D:1      | Reached XP level 2. HP: 24/24 MP: 2/2
   997 | D:1      | Reached XP level 3. HP: 29/29 MP: 3/3
  2073 | D:2      | Gained mutation: You have very sharp fingernails. [demonic ancestry]
  2073 | D:2      | Reached XP level 4. HP: 26/37 MP: 4/4
  2221 | D:2      | Found a snail-covered altar of Cheibriados.
  2227 | D:2      | Became a worshipper of Cheibriados the Contemplative
  2227 | D:2      | Reached * piety under Cheibriados
  2227 | D:2      | Reached ** piety under Cheibriados
  2494 | D:3      | Found a transporter.
  2495 | D:3      | Noticed Natasha
  2499 | D:3      | Killed Natasha
  2648 | D:3      | Noticed Natasha
  2663 | D:3      | Killed Natasha
  2663 | D:3      | Reached XP level 5. HP: 30/43 MP: 5/5
  2775 | D:3      | Noticed Natasha
  2811 | D:3      | Killed Natasha
  3002 | D:3      | Found a glowing drain.
  3041 | Sewer    | Entered a sewer
  3327 | Sewer    | Reached *** piety under Cheibriados
  3338 | Sewer    | Reached skill level 5 in Fighting
  3338 | Sewer    | Gained mutation: Your flesh is cold resistant. (rC+) [demonic ancestry]
  3338 | Sewer    | Reached XP level 6. HP: 29/51 MP: 6/6
  3481 | Sewer    | Found a white marble altar of Elyvilon.
  3617 | D:3      | Found a transporter.
  3764 | D:3      | Found an iron altar of Okawaru.
  4036 | D:3      | Reached skill level 5 in Maces & Flails
  4112 | D:4      | Splashed by an orc priest's acid

Skill      XL: |  1  2  3  4  5  6 |
---------------+-------------------+-----
Maces & Flails | 3 4 5 |  5.0
Fighting       | 4 5 |  5.2
Dodging        | |  2.6
Stealth        | |  1.7

Action                   |  1- 3 |  4- 6 || total
-------------------------+-------+-------++-------
Melee: Mace              |   159 |   193 ||   352
Throw: Throwing net      |       |     1 ||     1
Invok: Bend Time         |       |     1 ||     1
  Use: Potion            |       |     6 ||     6
       Scroll            |       |     2 ||     2
 Stab: Sleeping          |     5 |     2 ||     7
  Eat: Chunk             |     4 |     3 ||     7
Armor: Robe              |    10 |       ||    10
       Ring mail         |    28 |    67 ||    95
       Skin              |       |     6 ||     6
Dodge: Dodged            |   124 |   158 ||   282
